 Dungeon Crawl Stone Soup version 0.23.2 (webtiles) character file.

Game seed: 689538868172590686

54 Borgoz the Skirmisher (level 3, -3/31 HPs)
             Began as a Ghoul Monk on Apr 4, 2019.
             Slain by Sigmund
             ... wielding a +0 scythe
              (5 damage)
             ... on level 2 of the Dungeon.
             The game lasted 00:03:53 (1534 turns).

Borgoz the Skirmisher (Ghoul Monk)                  Turns: 1534, Time: 00:03:53

Health: -3/31      AC:  7    Str: 14    XL:     3   Next: 91%
Magic:  2/2        EV: 10    Int:  5    God:
Gold:   26         SH:  0    Dex: 12    Spells: 2/2 levels left

rFire    . . .     SeeInvis .   a - +0 short sword
rCold    + . .     Gourm    .   (no shield)
rNeg     + + +     Faith    .   g - +0 scale mail
rPois    ∞         Spirit   .   m - +0 helmet
rElec    .         Reflect  .   (no cloak)
rCorr    .         Harm     .   (no gloves)
MR       .....                  (no boots)
Stlth    +.........             f - amulet of regeneration
HPRegen  0.00/turn              (no ring)
MPRegen  0.08/turn              (no ring)

@: rotting
A: rotting body, claws 1, carnivore, cold resistance 1, negative energy
resistance 3, inhibited regeneration, torment resistance, unbreathing
a: no special abilities


You were on level 2 of the Dungeon.
You were not hungry.

You visited 1 branch of the dungeon, and saw 2 of its levels.

You collected 26 gold pieces.

Inventory:

Hand Weapons
 a - a +0 short sword (weapon)
Armour
 g - a +0 scale mail (worn)
 m - a +0 helmet (worn)
Jewellery
 f - an amulet of regeneration (around neck)
Scrolls
 b - a scroll of blinking {unknown}
 d - 2 scrolls of teleportation
 h - 2 scrolls of remove curse
 i - 2 scrolls of identify {unknown}
 k - 2 scrolls of enchant armour {unknown}
 l - a scroll of fear {unknown}
 n - a scroll of amnesia {unknown}
 o - a scroll of enchant weapon {unknown}
Comestibles
 c - 2 rations
 j - a chunk of flesh


   Skills:
 + Level 3.4 Fighting
 * Level 3.1 Short Blades
 * Level 1.2 Armour
 * Level 3.3 Dodging
 + Level 2.6 Stealth


You had 2 spell levels left.
You didn't know any spells.
Your spell library was empty.

Dungeon Overview and Level Annotations

Branches:
Dungeon (2/15)

Altars:
Dithmenos

Annotations:
D:2 Sigmund


Innate Abilities, Weirdness & Mutations

Your body is rotting away.
You thrive on raw meat.
You are immune to poison.
You have sharp fingernails.
You are carnivorous and can eat meat at any time.
Your flesh is cold resistant. (rC+)
You are immune to negative energy. (rN+++)
You do not regenerate when monsters are visible.
You are immune to unholy pain and torment.
You can survive without breathing.


Message History

The kobold hits you but does no damage.
You see here 2 stones.
You feel less confused. Something hits you but does no damage.
Things that are here:
a +0 club; a goblin skeleton Something hits you!
The kobold completely misses you.
You barely miss something. The kobold hits you with a +0 dagger.
* * * LOW HITPOINT WARNING * * *
You miss something. Something hits you.
* * * LOW HITPOINT WARNING * * *
You hit something. The kobold hits you but does no damage.
You closely miss something. Something hits you.
* * * LOW HITPOINT WARNING * * *
The kobold barely misses you.
You closely miss something. The kobold hits you but does no damage.
Something hits you but does no damage.
You hit something. The kobold hits you but does no damage.
You miss something. Something hits you.
You die...

...#
#....##......#
...#
####'###.###.#
...#
#...........#
...#
#........####
####
#........#
#....(...#
#......(.#
#.....)K.#
#.....@{.#
#........#
#......>....
#........####
######.######
#.......#
#.......#
#.......#
#...[...#


You could see a kobold.

Vanquished Creatures
  An ooze (D:1)
  3 dart slugs
  3 leopard geckos (D:1)
  4 giant cockroaches
  5 goblins
  3 hobgoblins
  3 jackals (D:1)
  6 bats
  4 frilled lizards
  4 kobolds
  4 rats
40 creatures vanquished.

Notes
Turn   | Place    | Note
-------+----------+-------------------------------------------
     0 | D:1      | Borgoz the Ghoul Monk began the quest for the Orb.
     0 | D:1      | Reached XP level 1. HP: 19/19 MP: 0/0
   271 | D:1      | Reached XP level 2. HP: 13/25 MP: 1/1
   671 | D:1      | Reached XP level 3. HP: 30/31 MP: 2/2
   677 | D:1      | Reached skill level 1 in Armour
  1004 | D:2      | Noticed Sigmund
  1245 | D:2      | Found a shadowy altar of Dithmenos.
  1534 | D:2      | Slain by Sigmund

Skill      XL: |  1  2  3 |
---------------+----------+-----
Dodging        | 3 |  3.3
Short Blades   | 3 |  3.1
Armour         | 1 |  1.2
Fighting       | |  3.4
Stealth        | |  2.6

Action                   || total
-------------------------++-------
Melee: Short sword       ||   221
  Use: Scroll            ||     2
       Potion            ||     1
  Eat: Chunk             ||    10
Armor: Robe              ||    10
       Scale mail        ||    99
Dodge: Dodged            ||   144
